 Dungeon Crawl Stone Soup version 0.31-a0-180-g519b7de00c (webtiles) character file.

Game seed: 4517884793094908796

4461 benadryl the Cleaver (level 10, 0/102 HPs)
             Began as a Gargoyle Fighter on June 19, 2023.
             Was a High Priest of Okawaru.
             Slain by Maurice
             ... wielding a +0 flail
              (5 damage)
             ... on level 8 of the Dungeon.
             The game lasted 00:10:33 (7966 turns).

benadryl the Cleaver (Gargoyle Fighter)             Turns: 7966, Time: 00:10:34

Health: 0/102      AC: 20    Str: 23    XL:     10   Next: 37%
Magic:  10/10      EV:  6    Int: 10    God:    Okawaru [*****.]
Gold:   0          SH:  5    Dex:  9    Spells: 9/9 levels left

rFire   . . .        a - +0 war axe (flame)
rCold   . . .        c - +1 buckler
rNeg    + . .        m - +0 plate armour
rPois   ∞            (no helmet)
rElec   +            (no cloak)
rCorr   .            e - +0 pair of gloves
SInv    .            i - +0 pair of boots
Will    .....        h - amulet of faith Stlth
                     (no ring)
HPRegen 0.37/turn    (no ring)
MPRegen 0.12/turn

%: faith
@: berserking, very quick
A: sickness immunity, AC +7, negative energy resistance 1, electricity
resistance, torment resistance 1, petrification resistance
a: Renounce Religion, Heroism, Finesse, Duel


You were on level 8 of the Dungeon.
You worshipped Okawaru.
Okawaru was extremely pleased with you.
You visited 2 branches of the dungeon, and saw 9 of its levels.

Inventory:

Hand Weapons
 a - a +0 war axe of flaming (weapon)
Armour
 b - a +0 scale mail
 c - a +1 buckler (worn)
 e - a +0 pair of gloves (worn)
 f - a +0 chain mail
 i - a +0 pair of boots (worn)
 m - a +0 plate armour (worn)
Jewellery
 h - an amulet of faith (around neck)
Scrolls
 d - 4 scrolls of teleportation
 g - a scroll of revelation
 p - a scroll of fear
 u - a scroll of immolation
Potions
 j - a potion of lignification {unknown}
 k - a potion of enlightenment
 n - a potion of degeneration {unknown}
 q - a potion of brilliance
 v - a potion of cancellation {unknown}


   Skills:
 * Level 9.8 Fighting
 - Level 11.3 Axes
 - Level 3.2 Armour
 - Level 3.2 Shields


You had 9 spell levels left.
You didn't know any spells.
Your spell library contained the following spells:

 Spells                   Type           Power      Damage    Failure   Level
 Magic Dart               Conj           0%         1d3       100%        1
 Hailstorm                Conj/Ice       0%         3d3       100%        3
 Ignite Poison            Fire/Tmut/Pois 0%         N/A       100%        3
 Mephitic Cloud           Conj/Pois/Air  0%         N/A       100%        3
 Irradiate                Conj/Tmut      0%         3d11      100%        5
 Conjure Ball Lightning   Conj/Air       0%         3x3d6     100%        6
 Call Imp                 Summ           Unusable   N/A       N/A         2

Dungeon Overview and Level Annotations

Branches:
Dungeon (8/15)             Temple (1/1) D:4
   Lair: D:8-11

Altars:
Ashenzari
Fedhas
Hepliaklqana
Kikubaaqudgha
Nemelex Xobeh
Okawaru
Qazlal
Ru
Sif Muna
Trog
Vehumet
Wu Jian
Yredelemnul
Zin
The Shining One

Shops:
D:2 ?   D:7 [

Annotations:
D:8 Maurice


Innate Abilities, Weirdness & Mutations

You are immune to sickness and miasma.
Your stone body is resilient. (AC +7)
You are immune to poison.
You resist negative energy. (rN+)
You are resistant to electric shocks. (rElec)
You are resistant to unholy torment.
You are immune to petrification.


Message History

The steam dragon claws you.
You hit the steam dragon but do no damage.
The steam dragon barely misses you.
The steam dragon claws you but does no damage.
You slash the steam dragon! You burn the steam dragon!
The steam dragon is severely wounded.
The steam dragon breathes steam at you. The ball of steam misses you.
You barely miss the steam dragon.
The steam dragon is severely wounded.
You miss something.
You are engulfed in a cloud of scalding steam.
* * * LOW HITPOINT WARNING * * *
Something drops a +2 short sword of freezing.
Something picks up a +0 flail.
The steam dragon barely misses you. The steam dragon closely misses you.
Something hits you but does no damage. The steam dragon bites you.
* * * LOW HITPOINT WARNING * * *
The steam dragon claws you but does no damage.
Something hits you but does no damage.
A red film seems to cover your vision as you go berserk!
You feel yourself moving faster!
You feel mighty! You block the steam dragon's attack.
The steam dragon claws you but does no damage.
Something hits you.
* * * LOW HITPOINT WARNING * * *
Something steals your scroll of brand weapon!
You barely miss the steam dragon.
The steam dragon is severely wounded.
You closely miss something. Something hits you!
* * * LOW HITPOINT WARNING * * *
Something grunts, "Curses!"
The steam dragon closely misses you.
The steam dragon claws you but does no damage.
You closely miss something. You slash the steam dragon!
You burn the steam dragon.
You kill the steam dragon!
Okawaru accepts your kill. Something hits you.
You die...

..... ..#... #.......
..... ........####......
..... ...........#.....###
#.... .........#..........
##... .........#..........
##........................
.#.#...............)...#
#.##......§....§.......#
#..........§..){@..###.#
...............)..##
.................#.......
.......<.........##..#.##
..................####
......(...........#
..................#
................###
##......##....###


There were no monsters in sight!

Vanquished Creatures
  Pikel (D:7)
  A cyclops (D:6)
  A wraith (D:6)
  3 steam dragons
  3 water moccasins
  2 orc warriors (D:6)
  2 sky beasts
  An ice beast (D:7)
  A black bear (D:6)
  3 ogres
  A kobold brigand (D:6)
  4 scorpions
  4 bullfrogs
  4 wights (D:8)
  4 killer bees (D:4)
  A howler monkey (D:6)
  4 hounds
  A jelly (D:7)
  A gnoll bouda (D:8)
  9 orc priests
  6 iguanas
  A sleepcap (D:6)
  Jessica (D:2)
  6 orc wizards
  10 gnolls
  8 adders
  3 shadow imps
  5 white imps
  4 worms
  2 dart slugs
  33 orcs
  7 ball pythons
  7 bats
  6 endoplasms
  2 giant cockroaches
  7 goblins
  3 hobgoblins
  3 quokkas
  4 frilled lizards
  10 kobolds
  10 rats
189 creatures vanquished.

Notes
Turn   | Place    | Note
-------+----------+-------------------------------------------
     0 | D:1      | benadryl the Gargoyle Fighter began the quest for the Orb.
     0 | D:1      | Reached XP level 1. HP: 14/14 MP: 1/1
    15 | D:1      | Reached skill level 2 in Axes
   105 | D:1      | Reached XP level 2. HP: 19/19 MP: 2/2
   522 | D:1      | Reached skill level 3 in Axes
   525 | D:1      | Reached XP level 3. HP: 21/23 MP: 3/3
   947 | D:2      | Noticed Jessica
   957 | D:2      | Killed Jessica
   958 | D:2      | Reached XP level 4. HP: 28/28 MP: 4/4
  1036 | D:2      | Reached skill level 4 in Axes
  1176 | D:2      | Found Qeluecs's Magic Scroll Boutique.
  1433 | D:2      | Found a faded altar of an unknown god.
  1698 | D:3      | Found a blossoming altar of Fedhas.
  1832 | D:4      | Reached XP level 5. HP: 15/32 MP: 5/5
  1840 | D:4      | Got the Octavo of Power and Forms
  2193 | D:4      | Reached skill level 5 in Axes
  2205 | D:4      | Reached XP level 6. HP: 11/37 MP: 6/6
  2455 | D:4      | Found a staircase to the Ecumenical Temple.
  2469 | Temple   | Entered the Ecumenical Temple
  2606 | Temple   | Became a worshipper of Warmaster Okawaru
  2734 | D:4      | Reached skill level 6 in Axes
  2775 | D:4      | Reached XP level 7. HP: 19/41 MP: 7/7
  2973 | D:4      | Reached skill level 7 in Axes
  4270 | D:5      | Entered Level 5 of the Dungeon
  4320 | D:5      | Reached * piety under Okawaru
  4321 | D:5      | Reached skill level 8 in Axes
  4347 | D:5      | Reached XP level 8. HP: 45/46 MP: 8/8
  4452 | D:5      | Identified the +9 mace "Ynlachim" {venom, rPois rCorr
                  | Int+2}
  5071 | D:6      | Reached ** piety under Okawaru
  5072 | D:6      | Reached skill level 9 in Axes
  5262 | D:6      | Found a sacrificial altar of Ru.
  5374 | D:6      | Found a hazy altar of Hepliaklqana.
  5551 | D:6      | Reached skill level 10 in Axes
  5946 | D:6      | Reached XP level 9. HP: 51/51 MP: 9/9
  5955 | D:6      | Reached *** piety under Okawaru
  6054 | D:6      | Noticed a cyclops
  6071 | D:6      | Killed a cyclops
  6072 | D:6      | Reached skill level 11 in Axes
  6169 | D:6      | Reached **** piety under Okawaru
  6240 | D:6      | Reached skill level 5 in Fighting
  6599 | D:7      | Noticed Pikel
  6617 | D:7      | Killed Pikel
  6618 | D:7      | Reached XP level 10. HP: 52/64 MP: 10/10
  6634 | D:7      | Reached ***** piety under Okawaru
  7134 | D:7      | Found a glowing golden altar of the Shining One.
  7134 | D:7      | Found a glowing silver altar of Zin.
  7375 | D:7      | Found Udeixt's Antique Armour Emporium.
  7504 | D:7      | Found a shimmering blue altar of Sif Muna.
  7924 | D:8      | Noticed Maurice
  7965 | D:8      | HP: 5/102 [something (10)]
  7966 | D:8      | Slain by Maurice

Illustrated notes

Levels and vault maps discovered:
D:1:      enne_arrival_octagon_isle, layout_basic, nrook_loot_triangle,
          minmay_misc_feat_alley
D:2:      layout_loops_ring, serial_shops, shop,
          dreamdust_ecumenical_altar_grove, minmay_nonomino_d4, uniq_jessica
D:3:      layout_loops_cross, fedhas_altar_1, minmay_misc_feat_rugged
D:4:      layout_layer_cave, minmay_temple_entry_wispy
D:5:      layout_cave_pools, minmay_gold_behind_fungi
D:6:      kennysheep_windowed_halls, layout_basic, mainiacjoe_overflow_alcove_1,
          nicolae_ru_sacrificial_ziggurat, minmay_microvault
D:7:      layout_basic, lemuel_blue_sif_altar,
          gammafunk_temple_overflow_elements, serial_shops, shop, uniq_pikel
D:8:      layout_cave_pools, uniq_joseph, uniq_maurice
Temple:   regret_index_temple_generic_petals

Skill      XL: |  1  2  3  4  5  6  7  8  9 10 |
---------------+-------------------------------+-----
Axes           | 2 3 4 5 6 8 10 11 | 11.3
Fighting       | 7 9 |  9.8
Armour         | |  3.2
Shields        | |  3.2

Action                     |  1- 3 |  4- 6 |  7- 9 | 10-12 || total
---------------------------+-------+-------+-------+-------++-------
  Melee: War axe           |    68 |   138 |   329 |   107 ||   642
 Invoke: Heroism           |       |       |     2 |     2 ||     4
    Use: Scroll            |       |     5 |     7 |     1 ||    13
         Potion            |       |     7 |     4 |     2 ||    13
 Armour: Scale mail        |    46 |    38 |       |       ||    84
         Plate armour      |       |    50 |   213 |    82 ||   345
  Dodge: Dodged            |    31 |    60 |    75 |    33 ||   199
  Block: Buckler           |     3 |    37 |    68 |    19 ||   127

Table legend: (Time is in decaauts)
 A = Elapsed time spent in this place.
 B = Non-inter-level travel time spent in this place.
 C = Inter-level travel time spent in this place.
 D = Time resting spent in this place.
 E = Time spent auto-exploring this place.
 F = Levels seen in this place.
 G = Mean time per level.
                   A        B        C        D        E       F      G
               +--------+--------+--------+--------+--------+-----+--------+
         Total |   8033 |   7727 |    306 |   2262 |   3985 |   9 |  892.6 |
       Dungeon |   7880 |   7589 |    291 |   2262 |   3858 |   8 |  985.0 |
        Temple |    152 |    137 |     15 |      0 |    127 |   1 |  152.0 |
               +--------+--------+--------+--------+--------+-----+--------+

Top non-repeatable levels by time:
     D:6: 1622 daAuts
     D:2: 1301 daAuts
     D:4: 1284 daAuts
     D:7: 1051 daAuts
     D:1: 867 daAuts
     D:3: 726 daAuts
     D:5: 670 daAuts
     D:8: 356 daAuts
  Temple: 152 daAuts
